 Dungeon Crawl Stone Soup version 0.30.1-4-g462c640d31 (webtiles) character file.

Game seed: 1418512051693581101

32 BillyBaka the Shield-Bearer (level 3, 0/29 HPs)
             Began as a Formicid Fighter on Sept 3, 2023.
             Slain by a gnoll
             ... wielding a +0 club
              (3 damage)
             ... on level 2 of the Dungeon.
             The game lasted 00:03:40 (1159 turns).

BillyBaka the Shield-Bearer (Formicid Fighter)      Turns: 1159, Time: 00:03:41

Health: 0/29       AC:  6    Str: 20    XL:     3   Next: 45%
Magic:  3/3        EV:  9    Int:  7    God:
Gold:   56         SH:  5    Dex: 15    Spells: 2/2 levels left

rFire   . . .        a - +0 long sword
rCold   . . .        c - +0 buckler
rNeg    . . .        b - +0 scale mail
rPois   .            (helmet unavailable)
rElec   .            (no cloak)
rCorr   .            (no gloves)
SInv    +            (no boots)
Will    .....        (no amulet) Stlth
                     (no ring)
HPRegen 0.24/turn    (no ring)
MPRegen 0.08/turn

%: no passive effects
@: no status effects
A: permanent stasis, dig shafts and tunnels, antennae 3, four strong arms
a: Dig, Shaft Self


You were on level 2 of the Dungeon.
You visited 1 branch of the dungeon, and saw 2 of its levels.

You collected 56 gold pieces.

Inventory:

Hand Weapons
 a - a +0 long sword (weapon)
Armour
 b - a +0 scale mail (worn)
 c - a +0 buckler (worn)
Jewellery
 e - an amulet of faith
Scrolls
 f - 2 scrolls of blinking {unknown}
 g - 3 scrolls of teleportation {unknown}
 h - a scroll of enchant armour {unknown}
Potions
 d - a potion of might
 i - a potion of curing {unknown}
 j - a potion of flight {unknown}


   Skills:
 + Level 3.5 Fighting
 * Level 2.6 Long Blades
 + Level 3.5 Armour
 + Level 1.2 Stealth
 + Level 4.4 Shields


You had 2 spell levels left.
You didn't know any spells.
Your spell library contained the following spells:

 Spells                   Type           Power      Damage    Failure   Level
 Lesser Beckoning         Tloc           0%         N/A       94%         2
 Gell's Gravitas          Tloc           0%         N/A       99%         3
 Teleport Other           Tloc           0%         N/A       99%         3


Dungeon Overview and Level Annotations

Branches:
Dungeon (2/15)

Altars:


Innate Abilities, Weirdness & Mutations

You cannot be hasted, slowed, berserked, paralysed or teleported.
You can dig through walls and to a lower floor.
You have a pair of large antennae on your head. (SInv)
Your four strong arms can wield two-handed weapons with a shield.


Message History

The endoplasm quivers.
Found 5 gold pieces.
You block the endoplasm's attack.
You hit the endoplasm.
The endoplasm is almost dead.
The endoplasm freezes you.
You are frozen.
The endoplasm freezes you.
You are frozen.
You hit the endoplasm.
You kill the endoplasm!
No target in view!
You now have 56 gold pieces (gained 5).
Found a stone staircase leading down.
g - 3 scrolls labelled VUOTASK CIES (gained 1)
A gnoll comes into view. It is wielding a +0 club.
The gnoll shouts!
A kobold comes into view. It is wielding a +0 dagger.
The kobold shouts!
You hear a shout! x2
The kobold throws a stone.
The stone barely misses you.
A gnoll comes into view. It is wielding a +0 spear.
A gnoll comes into view. It is wielding a +0 halberd.
The gnoll closely misses you.
You closely miss the gnoll. You block the gnoll's attack.
The gnoll hits you with a +0 club.
You barely miss the gnoll. You block the gnoll's attack.
The gnoll closely misses you. The gnoll hits you with a +0 club.
The gnoll hits you from afar with a +0 halberd!
You are too injured to fight recklessly!
You are too injured to fight recklessly!
You barely miss the gnoll.
The gnoll hits you from afar with a +0 halberd!
* * * LOW HITPOINT WARNING * * *
The gnoll hits you with a +0 club.
* * * LOW HITPOINT WARNING * * *
The gnoll attacks as you move away! The gnoll hits you with a +0 club.
* * * LOW HITPOINT WARNING * * *
The gnoll attacks as you move away! You block the gnoll's attack.
The gnoll attacks as you move away! The gnoll hits you with a +0 club.
You die...

####.g#####
####......#
####..##
###.........##
##......##
#...###......#
#........## #.###
###.#..## #
..........#######.#
#.##..#.#
..........K.Kg.#..#
#..#....#
.........>####...##
##...##..
..........# ##g.##
#####..## .
..........# #.@.##
#.......#
#........##
#.#..####.#.....##
#....[...##
#.##.##..........##
.......[..#
#..#....##.........
..........#
##.#.#####........#
.......)..# #.#.#
##.....#..
..........## #.###
#........#
...........##
#.#######.......##
#.....<..#..#
#....#..........#


You could see 2 gnolls and a kobold.

Vanquished Creatures
  A dart slug (D:1)
  A ball python (D:1)
  An endoplasm (D:2)
  A giant cockroach (D:2)
  5 goblins (D:1)
  7 hobgoblins (D:1)
  2 kobolds
  2 quokkas (D:1)
  2 bats (D:1)
  A frilled lizard (D:1)
  3 rats (D:1)
26 creatures vanquished.

Notes
Turn   | Place    | Note
-------+----------+-------------------------------------------
     0 | D:1      | BillyBaka the Formicid Fighter began the quest for the Orb.
     0 | D:1      | Reached XP level 1. HP: 18/18 MP: 1/1
   107 | D:1      | Reached XP level 2. HP: 24/24 MP: 2/2
   466 | D:1      | Reached XP level 3. HP: 29/29 MP: 3/3
   556 | D:1      | Reached skill level 1 in Stealth
  1159 | D:2      | Slain by a gnoll

Illustrated notes

Levels and vault maps discovered:
D:1:      psy_arrival_conway, layout_basic, serial_corexii_hall,
          corexii_hall_statues_t, chequers_hall_statues_corner_a,
          corexii_hall_statues_x, corexii_hall_statues_x,
          corexii_hall_statues_l, corexii_hall_statues_x, minmay_liquid_box,
          minmay_indecisive_spiral
D:2:      layout_rooms, moated_statue, minmay_misc_feat_secret_circle,
          uniq_natasha

Skill      XL: |  1  2  3 |
---------------+----------+-----
Stealth        | 1 |  1.2
Fighting       | |  3.5
Long Blades    | |  2.6
Armour         | |  3.5
Shields        | |  4.4

Action                     || total
---------------------------++-------
  Melee: Long sword        ||    96
 Armour: Scale mail        ||    37
  Dodge: Dodged            ||    41
  Block: Buckler           ||    18
